 Dungeon Crawl Stone Soup version 0.27.1-33-g824d729ab1 (console) character file.

Game seed: 3324007800125711616

214 om the Cutter (level 5, -2/27 HPs)
             Began as a Vampire Gladiator on Dec 14, 2021.
             Killed from afar by an orc wizard (7 damage)
             ... with a magic dart
             ... on level 3 of the Dungeon.
             The game lasted 00:10:52 (3261 turns).

om the Cutter (Vampire Gladiator)                   Turns: 3261, Time: 00:10:53

Health: -2/27      AC:  4    Str: 14    XL:     5   Next: 60%
Magic:  5/5        EV: 13    Int: 10    God:
Gold:   99         SH:  0    Dex: 16    Spells: 4/4 levels left

rFire    . . .     SeeInvis +   q - +2 short sword (venom)
rCold    + + +     Faith    .   (no shield)
rNeg     + + +     Spirit   .   b - +0 leather armour
rPois    ∞         Reflect  .   c - +0 helmet
rElec    .         Harm     .   (no cloak)
rCorr    .         Rampage  .   (no gloves)
Will     +....                  (no boots)
Stlth    ++++......             (no amulet)
HPRegen  0.00/turn              (no ring)
MPRegen  0.09/turn              (no ring)

@: bloodless, inhibited regen
A: bloodless, fangs 3, see invisible, vampiric 2, cold resistance 1, frail 1,
strong-willed 1
a: Bat Form, Revivify


You were on level 3 of the Dungeon.
You visited 1 branch of the dungeon, and saw 3 of its levels.

You collected 99 gold pieces.

Inventory:

Hand Weapons
 a - a +0 rapier
 f - a +3 short sword
 i - a +0 dagger of venom
 q - a +2 short sword of venom (weapon)
Missiles
 d - 3 throwing nets
 l - 26 poisoned darts (quivered)
Armour
 b - a +0 leather armour (worn)
 c - a +0 helmet (worn)
Scrolls
 j - a scroll of magic mapping {unknown}
 k - a scroll of brand weapon {unknown}
Potions
 e - a potion of lignification
 h - a potion of cancellation {unknown}
 m - 2 potions of invisibility
 n - a potion of curing {unknown}
 p - a potion of attraction {unknown}


   Skills:
 + Level 2.7 Fighting
 * Level 4.7 Short Blades
 - Level 1.5 Throwing
 + Level 1.4 Armour
 + Level 4.1 Dodging
 * Level 3.6 Stealth


You had 4 spell levels left.
You didn't know any spells.
Your spell library contained the following spells:

 Spells                   Type           Power      Damage    Failure   Level
 Freeze                   Ice            0%         1d3       43%         1
 Frozen Ramparts          Ice            0%         1d2       80%         3
 Hailstorm                Conj/Ice       0%         3d3       99%         4


Dungeon Overview and Level Annotations

Branches:
Dungeon (3/15)

Altars:


Innate Abilities, Weirdness & Mutations

You do not regenerate when monsters are visible.
You are frail without blood (-20% HP).
You can heal yourself when you bite living creatures.
You are immune to poison.
You have razor-sharp teeth.
You have supernaturally acute eyesight. (SInv)
You are afflicted with vampirism and can become a bat while bloodless.
Your flesh is cold resistant. (rC+)
You are frail. (-10% HP)
You are strong-willed. (Will+)


Message History

* * * LOW HITPOINT WARNING * * *
The adder barely misses you.
You hit the adder.
The adder is poisoned.
The adder is moderately wounded.
The adder closely misses you. The adder bites you.
* * * LOW HITPOINT WARNING * * *
You hit the adder.
The adder looks even sicker.
The adder is severely wounded.
The adder bites you.
* * * LOW HITPOINT WARNING * * *
Unknown command.
You feel much better. The adder closely misses you. The adder bites you.
You hit the orc priest.
The orc priest is poisoned.
The orc priest is moderately wounded.
You kill the adder!
The orc priest hits you with a +0 club.
Unknown command.
You hit the orc priest.
The orc priest is severely wounded.
The orc priest invokes the aid of Beogh against you.
Beogh smites you! The orc misses you.
You completely miss the orc priest.
The orc priest is almost dead.
You kill the orc priest!
The orc barely misses you.
You hit the orc.
The orc is poisoned.
The orc is lightly wounded.
The orc hits you with a +0 mace.
* * * LOW HITPOINT WARNING * * *
The orc wizard gestures wildly while chanting.
The orc wizard flickers and vanishes for a moment.
Things that are here:
a +0 club; a +0 leather armour; an orc corpse You kill the orc!
You see here 15 sling bullets.
There is a stone staircase leading up here.
The orc wizard casts a spell at you. The magic dart hits you!
You die...

###..#.##.........#..##..#.
#.#..o..?#######.o###+##+##'#
#....$.### #....#......##
#......# #######....#†...).#.
#?.....# #.....#.##.#......##
####.### #.....#....#.).###..
#. #........(##...#.#.. #.
#.....#.#.##...##... #
#..@o.#.#.#####.....
######.....##.#.....
###.##.####......
#...[..##########
#.#.##......###.#
#.#.#####.#.....) #
#.#####.#.....)
#.......#.###..
#########.##...


You could see an orc wizard (invisible).

Vanquished Creatures
  A jelly (D:2)
  An orc priest (D:3)
  6 adders
  A dart slug (D:3)
  5 orcs (D:3)
  10 ball pythons
  5 bats
  20 endoplasms
  3 giant cockroaches
  3 goblins (D:2)
  7 hobgoblins
  14 kobolds
  A quokka (D:2)
  4 frilled lizards
  7 rats
88 creatures vanquished.

Vanquished Creatures (others)
  8 toadstools (D:2)
8 creatures vanquished.

Grand Total: 96 creatures vanquished

Notes
Turn   | Place    | Note
-------+----------+-------------------------------------------
     0 | D:1      | om the Vampire Gladiator began the quest for the Orb.
     0 | D:1      | Reached XP level 1. HP: 16/16 MP: 1/1
   129 | D:1      | Reached XP level 2. HP: 12/22 MP: 2/2
   442 | D:1      | Reached skill level 1 in Stealth
   442 | D:1      | Gained mutation: You are afflicted with vampirism and can
                  | become a bat while bloodless. [Vampire growth]
   442 | D:1      | Reached XP level 3. HP: 20/21 MP: 3/3
  1222 | D:2      | Reached skill level 1 in Armour
  1222 | D:2      | Reached XP level 4. HP: 26/26 MP: 4/4
  2293 | D:3      | Gained mutation: Your flesh is cold resistant. (rC+)
                  | [potion of mutation]
  2293 | D:3      | Gained mutation: You are frail. (-10% HP) [potion of
                  | mutation]
  2293 | D:3      | Gained mutation: You are strong-willed. (Will+) [potion of
                  | mutation]
  2402 | D:3      | Reached XP level 5. HP: 27/27 MP: 5/5
  3261 | D:3      | Killed from afar by an orc wizard

Illustrated notes

Levels and vault maps discovered:
D:1:      psy_arrival_fountain, layout_loops_ring
D:2:      cheibrodos_fertilizer, layout_loops_ring, st_stairs_8,
          palyth_stone_intersect, minmay_tromino_v7
D:3:      minmay_chambers_of_threes, layout_loops_cross, serial_shops, shop

Skill      XL: |  1  2  3  4  5 |
---------------+----------------+-----
Fighting       | 2 |  2.7
Stealth        | 1 2 3 |  3.6
Short Blades   | 4 |  4.7
Armour         | 1 |  1.4
Dodging        | 4 |  4.1
Throwing       | |  1.5

Action                   |  1- 3 |  4- 6 || total
-------------------------+-------+-------++-------
Melee: Rapier            |    93 |       ||    93
       Bite              |    13 |    11 ||    24
       Short sword       |    15 |    96 ||   111
Throw: Dart              |     1 |     5 ||     6
       Throwing net      |     1 |       ||     1
 Abil: Exsanguinate      |     1 |       ||     1
  Use: Scroll            |     1 |     6 ||     7
       Potion            |     1 |     2 ||     3
 Stab: Sleeping          |     6 |     6 ||    12
Armor: Leather armour    |    34 |    23 ||    57
Dodge: Dodged            |    71 |    58 ||   129
